 Dungeon Crawl Stone Soup version 0.26.0-10-g1f06aea511 (webtiles) character file.

Game seed: 6670529877827957887

77 Dracia the Stinger (level 4, -1/36 HPs)
             Began as a Naga Venom Mage on Jan 19, 2021.
             Slain by a jackal (3 damage)
             ... on level 3 of the Dungeon.
             The game lasted 00:04:50 (2820 turns).

Dracia the Stinger (Naga Venom Mage)                Turns: 2820, Time: 00:04:51

Health: -1/36      AC:  2    Str:  8 (10) XL:     4   Next: 33%
Magic:  3/7        EV:  9    Int: 17      God:
Gold:   115        SH:  0    Dex:  8 (11) Spells: 1/7 levels left

rFire    . . .     SeeInvis +   a - +0 dagger
rCold    . . .     Faith    .   (no shield)
rNeg     . . .     Spirit   .   j - +0 robe
rPois    +         Reflect  .   (no helmet)
rElec    .         Harm     .   (no cloak)
rCorr    .         Rampage  .   (no gloves)
Will     .....                  (no barding)
Stlth    ++........             (no amulet)
HPRegen  0.12/turn              (no ring)
MPRegen  0.10/turn              (no ring)

@: very slow
A: large, see invisible, deformed body, poison resistance, slowness 2, spit
poison 1, AC +1
a: Spit Poison


You were on level 3 of the Dungeon.
You visited 1 branch of the dungeon, and saw 3 of its levels.

You collected 115 gold pieces.


Innate Abilities, Weirdness & Mutations

You cannot wear boots.
Your serpentine skin is tough. (AC +1)
You have supernaturally acute eyesight. (SInv)
Armour fits poorly on your strangely shaped body.
Your system is resistant to poisons. (rPois)
You cover ground very slowly.
You can spit poison.


   Skills:
 - Level 1.5 Dodging
 - Level 3.0 Stealth
 - Level 2.0 Spellcasting
 - Level 1.0 Transmutations
 + Level 1.1 Air Magic
 * Level 6.3 Poison Magic


You had one spell level left.
You knew the following spells:

 Your Spells              Type           Power        Failure   Level
m - Mephitic Cloud        Conj/Pois/Air  10%          21%         3
p - Poisonous Vapours     Pois/Air       28%          6%          2
z - Sting                 Tmut/Pois      56%          4%          1

Your spell library contained the following spells:

 Spells                   Type           Power        Failure   Level
 Olgreb's Toxic Radiance  Pois           23%          14%         4
 Ignite Poison            Fire/Tmut/Pois 10%          22%         3

Inventory:

Hand Weapons
 a - a +0 dagger (weapon)
 b - a +0 hunting sling
Missiles
 i - 18 poisoned darts
 k - 90 stones
Armour
 j - a +0 robe (worn)
Wands
 m - a wand of polymorph (6)
Scrolls
 c - a scroll of amnesia {unknown}
 d - a scroll of remove curse {unknown}
 f - a scroll of fog {unknown}
 g - 2 scrolls of identify {@r1@r1}
 l - a scroll of random uselessness {unknown}
Potions
 e - a potion of brilliance
 h - a potion of curing {@q1@q1}

Dungeon Overview and Level Annotations

Branches:
Dungeon (3/15)

Altars:
Yredelemnul

Annotations:
D:3 Grinder

###### #....#
#....#
#..).####
#?......#
#....##....
#h...## .
#.h@5.#
#.h......#
......##..##
..........(....
...............
.......>.......
...............
.[............


You could see Grinder and 3 jackals.


Message History

* * * LOW HITPOINT WARNING * * *
Unknown command.
You barely miss the giant cockroach.
The giant cockroach is almost dead.
The jackal closely misses you. The jackal bites you.
* * * LOW HITPOINT WARNING * * *
The jackal bites you but does no damage.
The giant cockroach bites you.
* * * LOW HITPOINT WARNING * * *
The jackal closely misses you.
You hit the giant cockroach.
You kill the giant cockroach!
The jackal bites you.
* * * LOW HITPOINT WARNING * * *
The jackal bites you.
* * * LOW HITPOINT WARNING * * *
The jackal bites you.
* * * LOW HITPOINT WARNING * * *
The jackal closely misses you. The jackal bites you.
* * * LOW HITPOINT WARNING * * *
It was a potion of curing.
You feel better. The jackal bites you.
* * * LOW HITPOINT WARNING * * *
The jackal bites you.
* * * LOW HITPOINT WARNING * * *
The jackal bites you.
* * * LOW HITPOINT WARNING * * *
Grinder blinks!
The jackal bites you but does no damage.
The jackal bites you.
You die...

Skill      XL: |  1  2  3  4 |
---------------+-------------+-----
Poison Magic   | 5 6 |  6.3
Air Magic      | 1 |  1.1
Dodging        | |  1.5
Stealth        | |  3.0
Spellcasting   | |  2.0
Transmutations | |  1.0

Action                   |  1- 3 |  4- 6 || total
-------------------------+-------+-------++-------
Melee: Unarmed           |    17 |       ||    17
       Dagger            |    25 |    25 ||    50
 Fire: Hunting sling     |     2 |       ||     2
 Cast: Sting             |    15 |       ||    15
       Poisonous Vapours |    27 |     9 ||    36
 Abil: Spit Poison       |     3 |       ||     3
  Use: Potion            |     2 |     1 ||     3
       Scroll            |       |     1 ||     1
Armor: Robe              |    19 |    18 ||    37
Dodge: Dodged            |    41 |    38 ||    79

Levels and vault maps discovered:
D:1:      dpeg_arrival_another_circle, layout_basic,
          chequers_serial_rivers_marsh
D:2:      layout_basic, yredelemnul_altar_generic
D:3:      layout_rooms, old_standard_altar, portal_sewer_entry_d, uniq_grinder

Notes
Turn   | Place    | Note
-------+----------+-------------------------------------------
     0 | D:1      | Dracia the Naga Venom Mage began the quest for the Orb.
     0 | D:1      | Reached XP level 1. HP: 15/15 MP: 3/3
   153 | D:1      | Reached XP level 2. HP: 19/22 MP: 1/5
   368 | D:1      | Reached skill level 5 in Poison Magic
   376 | D:1      | Learned a level 2 spell: Poisonous Vapours
   682 | D:1      | Reached XP level 3. HP: 28/28 MP: 3/6
   834 | D:1      | Learned a level 3 spell: Mephitic Cloud
  1537 | D:2      | HP: 2/28 [adder (5)]
  1973 | D:2      | Reached skill level 6 in Poison Magic
  2082 | D:2      | Found a basalt altar of Yredelemnul.
  2314 | D:2      | Reached XP level 4. HP: 36/36 MP: 4/7
  2475 | D:2      | Reached skill level 1 in Air Magic
  2805 | D:3      | Noticed Grinder
  2818 | D:3      | HP: 3/36 [jackal (1)]
  2820 | D:3      | Slain by a jackal

Vanquished Creatures
  A gnoll (D:1)
  2 adders (D:2)
  A dart slug (D:1)
  4 giant cockroaches
  4 goblins (D:1)
  8 hobgoblins
  A jackal (D:3)
  4 kobolds
  A quokka (D:2)
  2 ball pythons
  8 bats
  3 frilled lizards (D:1)
  5 rats
44 creatures vanquished.

Table legend: (Time is in decaauts)
 A = Elapsed time spent in this place.
 B = Non-inter-level travel time spent in this place.
 C = Inter-level travel time spent in this place.
 D = Time resting spent in this place.
 E = Time spent auto-exploring this place.
 F = Levels seen in this place.
 G = Mean time per level.
                   A        B        C        D        E       F      G
               +--------+--------+--------+--------+--------+-----+--------+
         Total |   3308 |   3040 |    268 |    574 |   2181 |   3 | 1102.7 |
       Dungeon |   3308 |   3040 |    268 |    574 |   2181 |   3 | 1102.7 |
               +--------+--------+--------+--------+--------+-----+--------+

Top non-repeatable levels by time:
     D:1: 1810 daAuts
     D:2: 1457 daAuts
     D:3: 40 daAuts

Table legend:
 A = Non-vault XP
 B = Vault XP
 C = Vault XP percentage of total XP
 D = Non-vault monster count
 E = Vault monster count
 F = Vault count percentage of total count
                 A         B        C        D         E       F
            +---------+---------+-------+---------+---------+-------
      Total |     110 |       0 |   0.0 |      44 |       0 |   0.0
            +---------+---------+-------+---------+---------+-------
        D:1 |      54 |       0 |   0.0 |      24 |       0 |   0.0
        D:2 |      50 |       0 |   0.0 |      17 |       0 |   0.0
        D:3 |       6 |       0 |   0.0 |       3 |       0 |   0.0
            +---------+---------+-------+---------+---------+-------
